AoeStats
← 勇闯天涯

Oasis

509727536Analyzed
2v2 RM · 4d ago on Sep 27, 2026· 49m 53s· 4 players
Game mode
Random Map
Map size
Medium (4 player)
Population
200
Speed
Normal
Resources
Standard
Victory
Conquest
Starting age
Dark Age
Ending age
Imperial Age
RankedLock teamsTeams togetherTeam positionsShared explorationLock speedFull tech treeHidden civsTurbo modeCheats
Victory
Defeat
🇩🇪 Celts · Germany
1040
+16
989
+19
🇨🇳 Italians · China
1049
-18
🇪🇸 Danes · Spain
1037
-17
PistolHero
12:32 Feudal Age
11:38 Loom
13:40 Double-Bit Axe
17:11 Forging
17:03 Horse Collar
20:31 Wheelbarrow
23:41 Castle Age
22:02 Stone Mining
22:55 Scale Mail Armor
25:12 Elite Skirmisher
26:37 Thumb Ring
29:54 Heavy Plow
30:46 Gambesons
31:02 Squires
32:43 Fletching
34:54 Sanctity
37:19 Fervor
39:21 Bow Saw
40:43 Hand Cart
40:47 Scale Barding Armor
41:18 Iron Casting
41:26 Husbandry
41:37 Bloodlines
42:55 Gold Mining
45:44 Imperial Age
44:29 Chain Mail Armor
44:36 Chain Barding Armor
47:27 Conscription
48:21 Blast Furnace
勇闯天涯
3:45 Loom
11:19 Feudal Age
13:08 Double-Bit Axe
16:16 Horse Collar
17:35 Stone Mining
20:15 Castle Age
21:00 Elite Skirmisher
24:06 Fletching
26:26 Padded Archer Armor
31:39 Gold Mining
33:27 Bow Saw
34:12 Wheelbarrow
35:11 Heavy Plow
36:54 Bodkin Arrow
40:41 Imperial Age
38:28 Hand Cart
38:00 Town Watch
38:38 Thumb Ring
38:39 Stone Mining
39:10 Leather Archer Armor
40:03 Ballistics
41:28 Stone Shaft Mining
42:24 Chemistry
42:20 Bracer
42:10 Treadmill Crane
44:58 Two-Man Saw
Thranquilo
10:28 Loom
12:57 Feudal Age
17:58 Castle Age
15:49 Man-at-Arms
16:50 Double-Bit Axe
17:32 Fletching
17:42 Padded Archer Armor
18:12 Crossbowman
21:59 Bodkin Arrow
23:29 Bow Saw
25:42 Ballistics
26:07 Town Watch
27:01 Wheelbarrow
28:20 Horse Collar
29:25 Heavy Plow
30:17 Gold Mining
34:37 Imperial Age
33:01 Leather Archer Armor
34:02 Elite Skirmisher
34:54 Scale Mail Armor
35:05 Forging
34:46 Elite Woad Raider
37:43 Capped Ram
39:27 Siege Ram
41:01 Pikeman
42:34 Iron Casting
42:42 Chain Mail Armor
43:38 Furor Celtica
44:42 Hand Cart
48:55 Blast Furnace
48:47 Plate Mail Armor
50:22 Conscription
DrunkDriveAnarchoGamblinmaster67
6:24 Loom
9:25 Feudal Age
22:32 Castle Age
21:45 Double-Bit Axe
23:30 Arson
23:46 Squires
23:32 Gambesons
24:03 Forging
23:59 Scale Barding Armor
23:55 Scale Mail Armor
24:58 Bloodlines
24:38 Horse Collar
25:37 Husbandry
28:37 Iron Casting
28:29 Heavy Plow
31:13 Chain Barding Armor
31:20 Chain Mail Armor
37:42 Bow Saw
40:05 Wheelbarrow
45:41 Imperial Age
45:33 Masonry
47:44 Crop Rotation
48:20 Two-Man Saw
46:52 Gothikon
48:24 Elite Varangian Guard
48:46 Elite Jarl
50:56 Blast Furnace
Connection lost

Rejoining the realm…

Still unreachable

The connection could not be restored.

Session expired

The server has moved on; the page needs a fresh start.